 Dungeon Crawl Stone Soup version 0.26.0-7-g794d0892b4 (webtiles) character file.

Game seed: 1051049312407269118

142 shakesphere1979 the Firebug (level 5, -6/41 HPs)
             Began as a Draconian Fire Elementalist on Jan 12, 2021.
             Mangled by an orc
             ... wielding a +0 flail
              (7 damage)
             ... on level 2 of the Dungeon.
             The game lasted 00:08:39 (3281 turns).

shakesphere1979 the Firebug (DrFE)                  Turns: 3281, Time: 00:08:41

Health: -6/41      AC:  5    Str: 11    XL:     5   Next: 4%
Magic:  6/9        EV: 12    Int: 16    God:
Gold:   85         SH:  0    Dex: 11    Spells: 5/9 levels left

rFire    . . .     SeeInvis .   d - +0 spear
rCold    . . .     Faith    .   (no shield)
rNeg     . . .     Spirit   .   (armour unavailable)
rPois    .         Reflect  .   (helmet restricted)
rElec    .         Harm     .   (no cloak)
rCorr    .         Rampage  .   (no gloves)
Will     .....                  (no boots)
Stlth    ++........             (no amulet)
HPRegen  0.13/turn              (no ring)
MPRegen  0.11/turn              (no ring)

@: flying, very slightly contaminated, invisible
A: unfitting armour, cold-blooded, AC +5
a: no special abilities


You were on level 2 of the Dungeon.
You visited 1 branch of the dungeon, and saw 3 of its levels.

You collected 85 gold pieces.

Inventory:

Hand Weapons
 d - a +0 spear (weapon)
 q - a +1 dagger of electrocution
Missiles
 b - 89 stones
 f - 42 sling bullets
 g - 84 arrows
 o - 14 bolts
Jewellery
 h - a cursed -4 ring of protection {unknown}
 k - an uncursed ring of protection from cold {unknown}
Scrolls
 a - a scroll of immolation {unknown}
 e - a scroll of remove curse {unknown}
 j - a scroll of teleportation {unknown}
 l - a scroll of identify {unknown}
 r - a scroll of fog {unknown}
Potions
 c - a potion of might {unknown}
 i - a potion of berserk rage {unknown}
 m - a potion of lignification {unknown}
 n - a potion of curing {unknown}
 p - a potion of flight


   Skills:
 + Level 1.9 Fighting
 + Level 2.6 Dodging
 - Level 2.0 Stealth
 + Level 2.7 Spellcasting
 + Level 2.2 Conjurations
 + Level 3.6 Fire Magic


You had 5 spell levels left.
You knew the following spells:

 Your Spells              Type           Power        Failure   Level
a - Foxfire               Conj/Fire      44%          6%          1
b - Conjure Flame         Conj/Fire      11%          17%         3

Your spell library contained the following spells:

 Spells                   Type           Power        Failure   Level
 Inner Flame              Hex/Fire       8%           26%         3
 Sticky Flame             Conj/Fire      11%          50%         4
 Fireball                 Conj/Fire      5%           85%         5


Dungeon Overview and Level Annotations

Branches:
Dungeon (3/15)

Altars:


Innate Abilities, Weirdness & Mutations

Your plain brown scales are hard. (AC +5)
You cannot fit into any form of body armour.
You are cold-blooded and may be slowed by cold attacks.


Message History

The magic dart hits you.
* * * LOW HITPOINT WARNING * * *
You hit the orc but do no damage.
The orc is heavily wounded.
The orc closely misses you. Something hits you.
* * * LOW HITPOINT WARNING * * *
Unknown command.
It was a potion of flight.
You feel very buoyant.
You fly up into the air.
The orc hits you with a +0 flail.
* * * LOW HITPOINT WARNING * * *
Something hits you but does no damage.
It was a potion of invisibility.
You fade into invisibility!
You hear some strange, mumbled words.
A magic dart appears from out of thin air!
The magic dart hits you.
* * * LOW HITPOINT WARNING * * *
The orc hits you with a +0 flail!
You die...

.....##################
...#.....<.......##...###
......########..........#
......# #...#....#.#
.....## ####....##.#
...#.## #....##.#
......######### #...###.#
..###.#.......####.####.#
..###.#....^..##@{......#
...##.#.......##o#.###.##
.......)......##.#.###.#
......#.......##....##.#
......#.......##>#.[##.#
....#.#....)..##.##.##.#
##..#.##########.......#
##..#.....# ####.####
..........####### #.#


You could see an orc.

Vanquished Creatures
  An orc wizard (D:2)
  6 adders (D:2)
  A worm (D:2)
  A giant cockroach (D:1)
  5 goblins
  9 hobgoblins
  12 jackals
  7 kobolds
  2 quokkas (D:2)
  A ball python (D:2)
  4 bats
  4 frilled lizards (D:2)
  4 rats
57 creatures vanquished.

Vanquished Creatures (others)
  91 foxfires
91 creatures vanquished.

Grand Total: 148 creatures vanquished

Notes
Turn   | Place    | Note
-------+----------+-------------------------------------------
     0 | D:1      | shakesphere1979 the Draconian Fire Elementalist began the
                  | quest for the Orb.
     0 | D:1      | Reached XP level 1. HP: 14/14 MP: 3/3
   386 | D:1      | Reached XP level 2. HP: 19/22 MP: 0/5
  1217 | D:1      | Reached skill level 1 in Fighting
  1487 | D:1      | Reached XP level 3. HP: 27/28 MP: 6/6
  2113 | D:2      | Learned a level 3 spell: Conjure Flame
  2470 | D:2      | Reached XP level 4. HP: 34/35 MP: 4/7
  3237 | D:2      | Reached XP level 5. HP: 37/41 MP: 5/9
  3281 | D:2      | HP: 1/41 [something/magic dart (3)]
  3281 | D:2      | Mangled by an orc

Illustrated notes

Levels and vault maps discovered:
D:1:      scummos_arrival_hexagon, layout_loops_corners
D:2:      layout_loops_cross
D:3:      layout_loops_ring, minitemple

Skill      XL: |  1  2  3  4 |
---------------+-------------+-----
Stealth        | 2 |  2.0
Dodging        | 2 |  2.6
Fighting       | 1 |  1.9
Conjurations   | 2 |  2.2
Spellcasting   | |  2.7
Fire Magic     | |  3.6

Action                   |  1- 3 |  4- 6 || total
-------------------------+-------+-------++-------
Melee: Club              |    19 |       ||    19
       Unarmed           |     2 |       ||     2
       Tailslap          |     5 |     4 ||     9
       Spear             |    84 |    32 ||   116
 Cast: Foxfire           |    29 |    28 ||    57
  Use: Potion            |       |     2 ||     2
 Stab: Sleeping          |     2 |       ||     2
Armor: Skin              |    37 |    14 ||    51
Dodge: Dodged            |   118 |    35 ||   153
